 Dungeon Sprint DCSS version 0.20-a0-223-g066d66b (webtiles) character file.

1077 Dfrag the Grappler (level 8, -3/138 HPs)
             Began as a Troll Monk on Nov 30, 2016.
             Was a Believer of the Shining One.
             Slain by a centaur warrior (7 damage)
             ... in the Dungeon (Sprint I: "Red Sonja").
             The game lasted 00:00:53 (449 turns).

Dfrag the Grappler (Troll Monk)                      Turns: 449, Time: 00:00:54

Health: -3/138     AC:  5    Str: 25    XL:     8   Next: 8%
Magic:  7/7        EV: 15    Int:  6    God:    the Shining One [**....]
Gold:   297        SH:  0    Dex: 14    Spells: 7/7 levels left

rFire  . . .     SeeInvis .       - Unarmed
rCold  . . .     Gourm    +     a - +0 robe
rNeg   + . .     Faith    .     (no shield)
rPois  .         Spirit   .     (helmet restricted)
rElec  .         Reflect  .     (no cloak)
rCorr  .         Harm     .     (gloves unavailable)
MR     .....     NoTele   +     (boots unavailable)
Stlth  ..........               (no amulet)
                                (no ring)
                                (no ring)

@: berserking, glowing, very quick
A: unfitting armour, claws 3, fast metabolism 3, gourmand, regeneration 1,
shaggy fur 1, tough skin 2
a: Divine Shield, Renounce Religion


You were in the Dungeon.
You worshipped the Shining One.
The Shining One was pleased with you.
You were not hungry.

You visited 1 branch You collected 297 gold pieces.

Inventory:

Armour
 a - a +0 robe (worn)
Scrolls
 h - a scroll of blinking
Potions
 c - 2 potions of curing
 d - a potion of heal wounds
 e - a potion of haste
 f - 2 potions of magic
Comestibles
 b - 2 bread rations
 i - 6 chunks of flesh


   Skills:
 + Level 9.0 Fighting
 + Level 9.1 Dodging
 - Level 1.1 Stealth
 + Level 10.7 Unarmed Combat


You had 7 spell levels left.
You didn't know any spells.

Dungeon Overview and Level Annotations

Branches:
Dungeon (1/1)

Altars:
Cheibriados
Dithmenos
Elyvilon
Fedhas
Gozag
Hepliaklqana
Kikubaaqudgha
Nemelex Xobeh
Okawaru
Qazlal
Ru
Sif Muna
Trog
Uskayaw
Vehumet
Yredelemnul
Zin
The Shining One

Shops:
D =


Innate Abilities, Weirdness & Mutations

You are too large for most types of armour.
You have claws for hands.
Your metabolism is lightning-fast.
You like to eat raw meat.
Your natural rate of healing is unusually fast.
You are covered in fur. (AC +1)
You have very tough skin. (AC +2)


Message History

Unknown command.
You mangle the centaur warrior!!
The centaur warrior is heavily wounded.
The centaur warrior closely misses you. The centaur warrior hits you!
* * * LOW HITPOINT WARNING * * *
Unknown command.
You mangle the centaur warrior!!
You kill the centaur warrior!
You hear a splash. x2
Your Fighting skill gained 2 levels and is now at level 9!
Your Dodging skill gained 2 levels and is now at level 9!
Your Unarmed Combat skill gained 2 levels and is now at level 10!
You have reached level 7!
You have reached level 8!
The centaur warrior barely misses you.
You are too berserk!
You claw the centaur warrior!
The centaur warrior is moderately wounded.
The centaur warrior hits you!
You die...

###############
<.#..').#.)'..#
..').#..'..#..+
..#####'#####'# ###
..####..#...#)####§§#
..#__####..##[#≈≈§§.#
..#_____##'#..'(@c§.+
⌠⌠#_.∩...'..._#(≈§§§#
###_..__##_.#+##+####
#_____###+# #######


You could see a centaur warrior.

Vanquished Creatures
  A centaur warrior (D)
  Sigmund (D)
  A yak (D)
  An ogre (D)
  A jelly (D)
  Ijyb (D)
6 creatures vanquished.

Notes
Turn   | Place    | Note
-------+----------+-------------------------------------------
     0 | D        | Dfrag the Troll Monk began the quest for the Orb.
     0 | D        | Reached XP level 1. HP: 22/22 MP: 0/0
     1 | D        | Noticed Ijyb
     8 | D        | Killed Ijyb
     8 | D        | Reached skill level 4 in Unarmed Combat
     8 | D        | Reached XP level 2. HP: 31/31 MP: 1/1
   112 | D        | Noticed an ogre
   117 | D        | Killed an ogre
   117 | D        | Reached skill level 5 in Dodging
   117 | D        | Reached skill level 6 in Unarmed Combat
   117 | D        | Reached XP level 3. HP: 8/41 MP: 2/2
   117 | D        | Reached XP level 4. HP: 9/49 MP: 3/3
   289 | D        | Noticed Sigmund
   296 | D        | Killed Sigmund
   296 | D        | Reached skill level 7 in Unarmed Combat
   296 | D        | Reached XP level 5. HP: 59/59 MP: 4/4
   327 | D        | Found a deep blue altar of Sif Muna.
   329 | D        | Found a radiant altar of Vehumet.
   335 | D        | Reached skill level 8 in Unarmed Combat
   335 | D        | Reached XP level 6. HP: 33/68 MP: 5/5
   409 | D        | Found Plog's Jewellery Emporium.
   409 | D        | Found an ancient bone altar of Kikubaaqudgha.
   409 | D        | Found a hazy altar of Hepliaklqana.
   409 | D        | Found a stormy altar of Qazlal.
   409 | D        | Found a hide-covered altar of Uskayaw.
   409 | D        | Found a blossoming altar of Fedhas.
   409 | D        | Found a bloodstained altar of Trog.
   409 | D        | Found an iron altar of Okawaru.
   409 | D        | Found a basalt altar of Yredelemnul.
   409 | D        | Found a glowing golden altar of the Shining One.
   409 | D        | Found a snail-covered altar of Cheibriados.
   409 | D        | Found a sacrificial altar of Ru.
   409 | D        | Found a glowing silver altar of Zin.
   409 | D        | Found a shadowy altar of Dithmenos.
   409 | D        | Found a white marble altar of Elyvilon.
   409 | D        | Noticed a yak
   410 | D        | Found an opulent altar of Gozag.
   413 | D        | Killed a yak
   414 | D        | Found a sparkling altar of Nemelex Xobeh.
   425 | D        | Became a worshipper of the Shining One
   425 | D        | Reached * piety under the Shining One
   425 | D        | Reached ** piety under the Shining One
   439 | D        | Noticed a centaur warrior
   439 | D        | Noticed a centaur warrior
   447 | D        | HP: 2/106 [centaur warrior (10)]
   448 | D        | Killed a centaur warrior
   448 | D        | Reached skill level 10 in Unarmed Combat
   448 | D        | Reached XP level 7. HP: 3/83 MP: 6/6
   448 | D        | Reached XP level 8. HP: 3/92 MP: 7/7
   449 | D        | Slain by a centaur warrior

Vault maps used:
D:        dungeon_sprint_1

Skill      XL: |  1  2  3  4  5  6 |
---------------+-------------------+-----
Fighting       | 3 4 6 9 |  9.0
Dodging        | 3 5 6 9 |  9.1
Unarmed Combat | 4 6 7 8 10 | 10.7
Stealth        | |  1.1

Action                   |  1- 3 |  4- 6 |  7- 9 || total
-------------------------+-------+-------+-------++-------
Melee: Unarmed           |    10 |    18 |     1 ||    29
       Punch             |       |     1 |       ||     1
  Use: Potion            |       |     1 |       ||     1
 Stab: Sleeping          |       |     1 |       ||     1
  Eat: Chunk             |       |     5 |       ||     5
Armor: Robe              |       |     3 |       ||     3
Dodge: Dodged            |     4 |     8 |     1 ||    13
